 Dungeon Crawl Stone Soup version 0.19.0-20-gbc5f0c6 (webtiles) character file.

597 Monkfish the Sneak (level 7, -3/44 HPs)
             Began as a Kobold Berserker on Nov 17, 2016.
             Was a Priest of Trog.
             Slain by a gnoll (8 damage)
             ... on level 5 of the Dungeon.
             The game lasted 00:04:29 (2742 turns).

Monkfish the Sneak (Kobold Berserker)               Turns: 2742, Time: 00:04:30

Health: -3/44      AC:  3    Str: 16    XL:     7   Next: 68%
Magic:  7/7        EV: 17    Int:  8    God:    Trog [***...]
Gold:   194        SH:  0    Dex: 15    Spells: 0 memorised, 6 levels left

rFire  . . .     SeeInvis .     g - +5 dagger (venom)
rCold  . . .     Gourm    .     p - +0 leather armour
rNeg   + . .     Faith    .     (shield restricted)
rPois  .         Spirit   .     (no helmet)
rElec  .         Reflect  .     (no cloak)
rCorr  .         Harm     .     (no gloves)
MR     ++...                    (no boots)
Stlth  +++.......               (no amulet)
                                (no ring)
                                e - ring of positive energy

@: lethally poisoned (-3 -> -3), exhausted, regenerating, slowed, very slow
A: carnivore 3
a: Berserk, Trog's Hand, Burn Spellbooks, Renounce Religion


You were on level 5 of the Dungeon.
You worshipped Trog.
Trog was most pleased with you.
You were very full.

You visited 1 branch of the dungeon, and saw 5 of its levels.

You collected 194 gold pieces.

Inventory:

Hand Weapons
 g - a +5 dagger of venom (weapon)
 i - a +0 dagger of speed
Armour
 b - a +0 animal skin
 p - a +0 leather armour (worn)
Jewellery
 e - a ring of positive energy (left hand)
Scrolls
 d - 2 scrolls of remove curse
 n - 2 scrolls of teleportation
 o - a scroll of identify
Potions
 a - 5 potions of curing
 h - 3 potions of heal wounds
 m - a potion of magic
Comestibles
 c - 6 meat rations
 k - a slice of pizza


   Skills:
 + Level 4.6 Fighting
 + Level 6.5 Short Blades
 - Level 1.5 Armour
 + Level 4.7 Dodging
 * Level 6.7 Stealth


You had 6 spell levels left.
You didn't know any spells.

Dungeon Overview and Level Annotations

Branches:
Dungeon (5/15)             Temple (0/1) D:4

Altars:


Innate Abilities, Weirdness & Mutations

You are small and have problems with some larger weapons.
You are carnivorous and can eat meat at any time.


Message History

* * * LOW HITPOINT WARNING * * *
You see here a flail.
You closely miss the gnoll.
You feel sick. The gnoll barely misses you.
Found 9 gold pieces.
You closely miss the gnoll. The gnoll barely misses you.
You hit the gnoll.
The gnoll is moderately wounded.
The gnoll misses you.
You hit the gnoll.
The gnoll is poisoned.
The gnoll is almost dead.
The gnoll closely misses you.
You puncture the gnoll!
You kill the gnoll!
Trog accepts your kill.
You are no longer berserk.
You are exhausted.
You feel yourself slow down. The gnoll completely misses you.
You barely miss the gnoll. The gnoll hits you!
You die...

## .######## .
..#.. #.#.#.#
#.#.#.#### .
##..)@....#
#.###.$#)#g##.#
#....##)#.#
##.......#..
#.......#####
#......<#
#.......#
#.......#
#.......#


You could see a gnoll.

Vanquished Creatures
  Edmund (D:4)
  An ogre (D:4)
  A howler monkey (D:4)
  A crimson imp (D:3)
  2 iguanas (D:4)
  Natasha (twice) (D:2 D:4)
  Robin (D:3)
  3 gnolls (D:5)
  8 adders
  An ooze (D:4)
  An adder skeleton (D:4)
  5 worms
  4 dart slugs
  3 leopard geckos
  2 orcs (D:3)
  2 bats (D:1)
  6 giant cockroaches
  17 goblins
  10 hobgoblins
  13 jackals
  3 kobolds
  5 frilled lizards
  A leopard gecko skeleton (D:4)
  3 rats
96 creatures vanquished.

Notes
Turn   | Place    | Note
-------+----------+-------------------------------------------
     0 | D:1      | Monkfish the Kobold Berserker began the quest for the Orb.
     0 | D:1      | Reached XP level 1. HP: 14/14 MP: 1/1
    96 | D:1      | Reached XP level 2. HP: 15/19 MP: 2/2
   119 | D:1      | Reached skill level 1 in Stealth
   302 | D:1      | Reached XP level 3. HP: 22/23 MP: 3/3
   709 | D:2      | Noticed Natasha
   710 | D:2      | Killed Natasha
   710 | D:2      | Reached XP level 4. HP: 29/29 MP: 4/4
   859 | D:2      | Reached ** piety under Trog
  1423 | D:3      | Reached skill level 5 in Short Blades
  1423 | D:3      | Reached XP level 5. HP: 33/33 MP: 5/5
  1489 | D:3      | Noticed Robin
  1505 | D:3      | Killed Robin
  1768 | D:3      | Found a faded altar of an unknown god.
  1880 | D:3      | Reached XP level 6. HP: 38/38 MP: 6/6
  2006 | D:3      | Reached *** piety under Trog
  2144 | D:4      | Noticed Edmund
  2155 | D:4      | Noticed Natasha
  2162 | D:4      | Killed Edmund
  2162 | D:4      | Reached skill level 5 in Stealth
  2167 | D:4      | Killed Natasha
  2287 | D:4      | Reached XP level 7. HP: 16/44 MP: 7/7
  2533 | D:4      | Found a staircase to the Ecumenical Temple.
  2711 | D:5      | Entered Level 5 of the Dungeon
  2735 | D:5      | HP: 3/66 [gnoll/spear (4)]
  2742 | D:5      | Slain by a gnoll

Skill      XL: |  1  2  3  4  5  6  7 |
---------------+----------------------+-----
Stealth        | 1 2 3 4 5 6 |  6.7
Dodging        | 3 4 |  4.7
Short Blades   | 5 6 |  6.5
Fighting       | 4 |  4.6
Armour         | |  1.5

Action                   |  1- 3 |  4- 6 |  7- 9 || total
-------------------------+-------+-------+-------++-------
Melee: Short sword       |    19 |       |       ||    19
       Dagger            |    51 |   198 |    60 ||   309
Invok: Trog's Hand       |       |     4 |     3 ||     7
       Berserk           |       |     2 |     2 ||     4
       Burn Spellbooks   |       |     1 |       ||     1
  Use: Scroll            |     7 |     5 |     2 ||    14
       Potion            |     2 |     4 |     1 ||     7
 Stab: Sleeping          |     6 |     8 |       ||    14
  Eat: Chunk             |     8 |     8 |     2 ||    18
Armor: Animal skin       |    11 |     8 |     2 ||    21
Dodge: Dodged            |    61 |   119 |    46 ||   226
